 Dungeon Crawl Stone Soup version 0.28-a0-224-g76b539d98b (webtiles) character file.

Game seed: 4384959165856185506

10035 serprex the Destroyer (level 11, -9/67 HPs)
             Began as an Octopode Conjurer on Aug 21, 2021.
             Was an Initiate of Gozag.
             Mangled by a salamander (10 damage)
             ... in a volcano.
             The game lasted 02:07:18 (8324 turns).

serprex the Destroyer (Octopode Conjurer)           Turns: 8324, Time: 02:07:19

Health: -9/67      AC:  9    Str:  7    XL:     11   Next: 55%
Magic:  17/32      EV: 15    Int: 27    God:    Gozag
Gold:   1545       SH:  5    Dex: 13    Spells: 14/26 levels left

rFire   . . .      SeeInvis .   o - staff of conjuration
rCold   . . .      Faith    .   (no shield)
rNeg    + . .      Spirit   .   (helmet restricted)
rPois   .          Reflect  +   C - amulet of reflection
rElec   .          Harm     .   b - ring of wizardry
rCorr   .          Rampage  .   p - ring of positive energy
Will    .....                   s - +4 ring of protection
Stlth   +++++.....              w - +4 ring of protection
HPRegen 0.21/turn               a - +6 ring of intelligence
MPRegen 0.23/turn               k - ring of magical power
                                (no ring)
                                (no ring)

@: gold aura
A: almost no armour, amphibious, 8 rings, camouflage 1, gelatinous body 1,
(nimble swimmer 1), tentacles
a: Renounce Religion, Potion Petition, Call Merchant, Bribe Branch


You were in a volcano.
You worshipped Gozag.
Gozag was most pleased with you.
You visited 2 branches of the dungeon, and saw 11 of its levels.
You also visited: Ossuary and Volcano.

You collected 2125 gold pieces.
You spent 580 gold pieces at shops.

Inventory:

Missiles
 E - 2 throwing nets
Magical Staves
 o - a staff of conjuration (weapon)
Jewellery
 a - a +6 ring of intelligence (on tentacle)
 b - a ring of wizardry (left tentacle)
 k - a ring of magical power (on tentacle)
 p - a ring of positive energy (right tentacle)
 s - a +4 ring of protection (on tentacle)
 w - a +4 ring of protection (on tentacle)
 C - an amulet of reflection (around mantle)
Wands
 u - a wand of paralysis (17)
Scrolls
 c - a scroll of fear {unknown}
 d - 2 scrolls of acquirement {unknown}
 e - 2 scrolls of fog
 i - 2 scrolls of identify
 l - a scroll of enchant weapon {unknown}
 m - 2 scrolls of noise {unknown}
 r - 2 scrolls of torment {unknown}
 y - a scroll of blinking
 B - 2 scrolls of magic mapping {unknown}
 D - a scroll of immolation {unknown}
 F - 2 scrolls of vulnerability {unknown}
Potions
 f - 2 potions of heal wounds
 g - 3 potions of berserk rage
 h - a potion of haste
 j - 4 potions of curing
 n - a potion of resistance {unknown}
 q - 2 potions of magic {unknown}
 t - 4 potions of attraction
 z - 2 potions of lignification
 A - 2 potions of flight {unknown}
Miscellaneous
 x - a phantom mirror (inert)


   Skills:
 + Level 3.5 Fighting
 - Level 0.8(0.9) Short Blades
 - Level 0.1(0.5) Long Blades
 - Level 1.1 Staves
 + Level 6.7 Dodging
 + Level 9.1 Stealth
 - Level 0.1 Shields
 - Level 0.2 Unarmed Combat
 + Level 8.1 Spellcasting
 + Level 10.9 Conjurations
 - Level 1.0 Translocations
 * Level 3.2 Earth Magic
 - Level 6.0 Evocations


You had 14 spell levels left.
You knew the following spells:

 Your Spells              Type           Power      Damage    Failure   Level
a - Magic Dart            Conj           100%       1d8       1%          1
b - Searing Ray           Conj           100%       3d7       1%          2
c - Iskenderun's Mystic   Conj/Tloc      60%        2d13      1%          4
d - Blink                 Tloc           N/A        N/A       2%          2
e - Stone Arrow           Conj/Erth      100%       3d13      1%          3

Your spell library contained the following spells:

 Spells                   Type           Power      Damage    Failure   Level
 Sandblast                Erth           56%        2d13      1%          1
 Passwall                 Tmut/Erth      15%        N/A       1%          2
 Dazzling Flash           Conj/Hex       100%       N/A       1%          3
 Fulminant Prism          Conj/Hex       28%        3d14      2%          4
 Gell's Gravitas          Tloc           8%         N/A       4%          3
 Lesser Beckoning         Tloc           8%         N/A       4%          3
 Teleport Other           Tloc           16%        N/A       4%          3
 Lee's Rapid Deconstruct  Erth           14%        3d10*     16%         5
 Conjure Ball Lightning   Conj/Air       28%        3x3d8     32%         6
 Starburst                Conj/Fire      28%        6d9       32%         6
 Manifold Assault         Tloc           16%        N/A       34%         5
 Agony                    Necr           10%        N/A       47%         5
 Silence                  Hex/Air        5%         N/A       47%         5
 Lehudib's Crystal Spear  Conj/Erth      32%        10d8      99%         8
 Discord                  Hex            5%         N/A       100%        8
 Disjunction              Tloc           8%         N/A       100%        8
 Animate Armour           Summ/Erth      Unusable   N/A       N/A         4

Dungeon Overview and Level Annotations

Branches:
Dungeon (8/15)             Temple (0/1) D:6            Lair (3/6) D:8
  Swamp (0/4) Lair:2        Snake (0/4) Lair:2      Ossuary (visited)
Volcano (1/1)

Altars:
Fedhas
Gozag
Nemelex Xobeh
Okawaru
Sif Muna

Shops:
D:5 *

Annotations:
Lair:2 1 runed translucent door, exclusion: oklob plant, Pooter's ghost, journeyman TrFi


Innate Abilities, Weirdness & Mutations

You cannot wear most types of armour.
You are amphibious.
You can wear up to eight rings at the same time.
Your skin changes colour to match your surroundings (Stealth+).
Your rubbery body absorbs attacks. (AC +1, EV +1)
((You are camouflaged near water. (Stealth+)))
You have tentacles for arms and can constrict up to eight enemies at once.


Message History

Press: ? - help, Q - select action, (/) - cycle Shift-Dir - straight line, f - salamander, p - hell knight
Aim: a salamander, wielding a +2 halberd (90% to hit)
You feel a surge of power!
The searing ray hits the salamander!
The salamander is lightly wounded. (Press . to maintain the ray.)
The searing ray hits the salamander!
The salamander is moderately wounded.
Your hell knight hits the hell knight with a +0 scimitar of flaming.
The hell knight casts a spell.
The hell knight blinks!
The salamander hits you from afar with a +2 halberd!!
You are engulfed in flames!
The searing ray hits the salamander!
The salamander is heavily wounded.
The salamander misses you.
Casting: Blink (safe; 2% risk of failure)
Press: ? - help, Q - select action, (/) - cycle Dir - look around, f - activate You blink.
Your hell knight hits the hell knight with a +0 scimitar of flaming!!
The hell knight dies!
The salamander barely misses you.
Your hell knight hits the salamander with a +0 scimitar of flaming!!
The salamander hits you from afar with a +2 halberd!
You are engulfed in flames!
* * * LOW HITPOINT WARNING * * *
Things that are here:
9 gold pieces; a +0 scimitar of flaming; a +0 chain mail of fire resistance You feel better.
Your hell knight mumbles some strange words.
Your hell knight blinks!
The salamander hits you from afar with a +2 halberd.
* * * LOW HITPOINT WARNING * * *
You are engulfed in flames!
* * * LOW HITPOINT WARNING * * *
You feel much better.
The salamander hits you from afar with a +2 halberd!!
* * * LOW HITPOINT WARNING * * *
You are engulfed in flames!
You die...
Your body crumbles into a pile of gold.

#$[)# ∩.N ######## #.##
###..##..### #####.######
##......##..###......§§.§§.
#...§.§.##.#.......≈§§≈≈≈≈.
#§≈∩§§§#######.N§.§≈§≈§≈≈≈≈
#≈≈§.§## #..§.≈§≈≈§≈§≈≈≈§
##≈≈§## ##.@p§§≈≈§≈§≈§§§
#○○## #...§§§§§§§≈≈§§§ ##○#
#....§§≈≈§§≈≈≈§. ###
####..§§§≈§≈≈≈≈
.#...§§§§... # #..###. ###


You could see a salamander (ally target) and a friendly hell knight (summoned,
fast, drained).

Vanquished Creatures
  2 two-headed ogres
  A bog body (Lair:2)
  A black mamba (Lair:1)
  3 cane toads
  A rime drake (Lair:1)
  A komodo dragon (Lair:1)
  3 polar bears
  5 blink frogs (Lair:1)
  A hornet (D:6)
  3 fire bats (Lair:3)
  A wyvern (Lair:3)
  A steam dragon (D:8)
  3 wargs (D:8)
  4 water moccasins
  2 sky beasts
  2 ice beasts
  2 black bears
  An ogre (D:4)
  2 centaurs
  7 bullfrogs
  A gnoll sergeant (D:8)
  6 scorpions
  4 wights (D:8)
  3 vampire bats (Lair:3)
  3 centaur zombies
  3 orc priests
  3 hounds
  A centaur skeleton (D:7)
  A gnoll shaman (D:7)
  3 iguanas
  7 orc wizards
  2 killer bee zombies (D:6)
  A hound zombie (D:5)
  8 mummies (Ossuary)
  A howler monkey zombie (D:6)
  7 adders
  9 gnolls
  3 shadow imps
  4 white imps
  2 ufetubi
  An adder zombie (D:5)
  A worm (D:5)
  18 orcs
  6 ball pythons
  8 bats
  3 endoplasms
  3 giant cockroaches
  A gnoll zombie (Ossuary)
  12 goblins
  4 hobgoblins
  8 jackals
  8 kobolds
  4 quokkas
  3 frilled lizards (D:1)
  2 hobgoblin zombies (Ossuary)
  3 kobold zombies (Ossuary)
  2 orc zombies (Ossuary)
  2 rats (D:2)
207 creatures vanquished.

Vanquished Creatures (collateral kills)
  A hell knight (Volcano)
1 creature vanquished.

Vanquished Creatures (others)
  A fungus (Lair:3)
  6 plants
7 creatures vanquished.

Grand Total: 215 creatures vanquished

Notes
Turn   | Place    | Note
-------+----------+-------------------------------------------
     0 | D:1      | serprex the Octopode Conjurer began the quest for the Orb.
     0 | D:1      | Reached XP level 1. HP: 11/11 MP: 3/3
   384 | D:1      | Reached XP level 2. HP: 11/17 MP: 3/5
   387 | D:1      | Learned a level 2 spell: Searing Ray
  1225 | D:2      | Reached XP level 3. HP: 21/21 MP: 1/6
  1404 | D:2      | Found a faded altar of an unknown god.
  1406 | D:2      | Became a worshipper of Gozag Ym Sagoz the Greedy
  1647 | D:2      | Noticed a black bear
  1670 | D:2      | Killed a black bear
  1671 | D:2      | Reached skill level 5 in Conjurations
  1671 | D:2      | Reached XP level 4. HP: 19/27 MP: 0/8
  1671 | D:2      | Reached XP level 5. HP: 23/32 MP: 0/9
  2349 | D:3      | Reached skill level 1 in Fighting
  2390 | D:3      | Found a blossoming altar of Fedhas.
  2390 | D:3      | Found a sparkling altar of Nemelex Xobeh.
  2547 | D:3      | Reached XP level 6. HP: 38/38 MP: 7/10
  2888 | D:3      | Found a shimmering blue altar of Sif Muna.
  3154 | D:4      | Found an iron altar of Okawaru.
  3535 | D:4      | You fall into a shaft and drop 1 floor!
  3535 | D:5      | Entered Level 5 of the Dungeon
  3636 | D:5      | Reached XP level 7. HP: 45/45 MP: 2/11
  3713 | D:5      | Reached skill level 1 in Staves
  3750 | D:5      | Found Zieluqoorgh's Gadget Gallery.
  3768 | D:5      | Bought a phantom mirror for 400 gold pieces
  3768 | D:5      | Bought a wand of paralysis (5) for 70 gold pieces
  3768 | D:5      | Bought a wand of paralysis (9) for 110 gold pieces
  3817 | D:5      | Reached skill level 1 in Evocations
  3845 | D:5      | Found a sand-covered staircase.
  3852 | Ossuary  | Entered an ossuary
  4052 | Ossuary  | Reached skill level 6 in Conjurations
  4392 | D:6      | Reached XP level 8. HP: 51/51 MP: 13/13
  4397 | D:6      | Learned a level 4 spell: Iskenderun's Mystic Blast
  4403 | D:6      | Noticed a hornet
  4421 | D:6      | Killed a hornet
  4426 | D:6      | Reached skill level 5 in Stealth
  4571 | D:6      | Found a staircase to the Ecumenical Temple.
  4611 | D:6      | Reached skill level 7 in Conjurations
  4850 | D:6      | Learned a level 2 spell: Blink
  5005 | D:6      | Reached XP level 9. HP: 55/55 MP: 16/16
  5164 | D:7      | Noticed a two-headed ogre
  5175 | D:7      | Killed a two-headed ogre
  5176 | D:7      | Reached skill level 5 in Dodging
  5176 | D:7      | Reached skill level 5 in Spellcasting
  5176 | D:7      | Reached skill level 8 in Conjurations
  5798 | D:8      | Reached skill level 9 in Conjurations
  5825 | D:8      | Upgraded the game from 0.28-a0-206-gc2c9e32840 to
                  | 0.28-a0-224-g76b539d98b
  5843 | D:8      | Reached skill level 5 in Evocations
  5881 | D:8      | Noticed a two-headed ogre
  5889 | D:8      | Noticed a polar bear
  5902 | D:8      | Killed a two-headed ogre
  5903 | D:8      | Reached skill level 1 in Translocations
  5903 | D:8      | Reached XP level 10. HP: 62/62 MP: 11/19
  6371 | D:8      | Found a staircase to the Lair.
  6434 | D:8      | Reached skill level 10 in Conjurations
  6713 | Lair:1   | Entered Level 1 of the Lair of Beasts
  6723 | Lair:1   | Learned a level 3 spell: Stone Arrow
  6816 | Lair:1   | Noticed a cane toad
  6823 | Lair:1   | Killed a cane toad
  6974 | Lair:1   | Noticed a black mamba
  6977 | Lair:1   | Killed a black mamba
  6983 | Lair:1   | Reached skill level 1 in Earth Magic
  6983 | Lair:1   | Reached XP level 11. HP: 59/67 MP: 5/22
  7390 | Lair:2   | Noticed a death yak
  7390 | Lair:2   | Noticed a death yak
  7390 | Lair:2   | Noticed a death yak
  7449 | Lair:2   | Found a staircase to the Snake Pit.
  7468 | Lair:2   | Noticed an oklob plant
  7876 | Lair:2   | Noticed a death yak
  7926 | Lair:2   | Found a staircase to the Swamp.
  7926 | Lair:2   | Noticed a bog body
  7934 | Lair:2   | Killed a bog body
  7966 | Lair:2   | Found a runed translucent door.
  7966 | Lair:2   | Identified the +5 spear of Outrage {pain, rElec rPois}
  7966 | Lair:2   | Noticed a spriggan rider
  7967 | Lair:2   | Noticed Pooter's ghost (journeyman TrFi)
  8042 | Lair:3   | Noticed a six-headed hydra
  8204 | Lair:3   | Noticed a four-headed hydra
  8282 | Lair:3   | Found a dark tunnel.
  8292 | Volcano  | Entered a volcano
  8308 | Volcano  | Noticed a salamander
  8308 | Volcano  | Noticed a hell knight
  8321 | Volcano  | Killed a hell knight
  8323 | Volcano  | HP: 1/67 [salamander (12)]
  8324 | Volcano  | Mangled by a salamander

Illustrated notes

Levels and vault maps discovered:
D:1:      minmay_arrival_cross, layout_basic
D:2:      layout_loops_corners, chequers_ecumenical_altar_twisty,
          chequers_avenue
D:3:      layout_loops_corners, mainiacjoe_overflow_chevrons,
          gammafunk_temple_overflow_elements
D:4:      layout_loops_cross, mainiacjoe_overflow_cross_hatched
D:5:      layout_rooms, chequers_ossuary_entry_cave, minmay_misc_feat_alley,
          nicolae_shop_gadgets
D:6:      layout_loops_cross, minmay_temple_entry_nine_rooms
D:7:      layout_rooms, wad_floor_pattern_2, minmay_misc_feat_iff
D:8:      layout_basic, erik_lair_orcish_takeover, serial_ice, serial_ice_h,
          serial_ice_e, serial_ice_a, serial_ice_o
Lair:1:   layout_hall_layers
Lair:2:   layout_loops_ring, skrybe_swamp_entry_bodies, dummy_snake_entry,
          ebering_ghost_funeral_grove, minmay_lair_oklob_chamber,
          serial_bayou_shore_b
Lair:3:   layout_chaotic_city, nicolae_volcano_entry_batcave,
          serial_bayou_pond_d, roderic_batcave
Volcano:  volcano_pools

Skill      XL: |  1  2  3  4  5  6  7  8  9 10 11 |
---------------+----------------------------------+-----
Stealth        | 3 4 5 6 8 9 |  9.1
Conjurations   | 5 6 7 9 10 | 10.9
Dodging        | 3 4 5 6 |  6.7
Fighting       | 1 2 3 |  3.5
Spellcasting   | 3 4 6 7 8 |  8.1
Staves         | 1 |  1.1
Evocations     | 1 3 5 6 |  6.0
Translocations | 1 |  1.0
Earth Magic    | 1 3 |  3.2
Short Blades   | |  0.8
Long Blades    | |  0.1
Shields        | |  0.1
Unarmed Combat | |  0.2

Action                   |  1- 3 |  4- 6 |  7- 9 | 10-12 || total
-------------------------+-------+-------+-------+-------++-------
Melee: Unarmed           |    23 |       |       |       ||    23
       Constrict         |    14 |    11 |     1 |     2 ||    28
       Tentacles         |     8 |     6 |       |     1 ||    15
       Short sword       |    17 |       |       |       ||    17
       Dagger            |     5 |       |       |       ||     5
       Long sword        |     3 |     4 |       |       ||     7
       Staff             |       |    36 |     6 |    12 ||    54
 Cast: Magic Dart        |     3 |       |       |     4 ||     7
       Searing Ray       |    13 |    29 |    68 |    40 ||   150
       Iskenderun's Myst |       |       |     5 |     2 ||     7
       Stone Arrow       |       |       |       |    42 ||    42
       Blink             |       |       |       |     8 ||     8
Evoke: Wand              |       |     2 |       |     2 ||     4
       Phantom mirror    |       |       |       |     1 ||     1
  Use: Scroll            |       |     1 |     2 |     9 ||    12
       Potion            |       |       |       |     3 ||     3
 Stab: Sleeping          |     2 |     1 |       |       ||     3
Armor: Skin              |     6 |    12 |    14 |    12 ||    44
Dodge: Dodged            |    44 |    37 |    30 |    41 ||   152
Block: Other             |       |       |       |    14 ||    14

Table legend: (Time is in decaauts)
 A = Elapsed time spent in this place.
 B = Non-inter-level travel time spent in this place.
 C = Inter-level travel time spent in this place.
 D = Time resting spent in this place.
 E = Time spent auto-exploring this place.
 F = Levels seen in this place.
 G = Mean time per level.
                   A        B        C        D        E       F      G
               +--------+--------+--------+--------+--------+-----+--------+
         Total |   8336 |   8181 |    155 |   1624 |      0 |  13 |  641.2 |
       Dungeon |   6333 |   6178 |    155 |   1057 |      0 |   8 |  791.6 |
          Lair |   1585 |   1585 |      0 |    436 |      0 |   3 |  528.3 |
       Ossuary |    385 |    385 |      0 |    131 |      0 |   1 |  385.0 |
       Volcano |     31 |     31 |      0 |      0 |      0 |   1 |   31.0 |
               +--------+--------+--------+--------+--------+-----+--------+

Top non-repeatable levels by time:
     D:1: 1216 daAuts
     D:2: 1022 daAuts
     D:8: 960 daAuts
     D:3: 782 daAuts
     D:6: 724 daAuts
  Lair:2: 708 daAuts
     D:7: 639 daAuts
  Lair:1: 608 daAuts
     D:4: 521 daAuts
     D:5: 467 daAuts
 Ossuary: 385 daAuts
  Lair:3: 268 daAuts
 Volcano: 31 daAuts
